 Dungeon Sprint DCSS version 0.19-a0-376-gf780d9b (webtiles) character file.

478413 Loading the End of an Era (level 23, -5/216 (219) HPs)
             Began as a Formicid Fighter on May 30, 2016.
             Was the Champion of Qazlal.
             Killed by a guardian mummy's death curse (37 damage)
             ... in the Dungeon (Sprint IX: "|||||||||||||||||||||||||||||").
             The game lasted 00:43:02 (7178 turns).

Loading the End of an Era (Formicid Fighter)        Turns: 7178, Time: 00:43:03

HP:   -5/216 (219)  AC: 48    Str: 24    XL:     23   Next: 78%
MP:   39/53         EV: 23    Int: 10    God:    Qazlal [******]
Gold: 111           SH: 38    Dex: 20    Spells: 0 memorised, 74 levels left

rFire  + + .     SeeInvis +     D - +5 lajatang (vamp)
rCold  + . .     Gourm    .     O - +4 gold dragon armour
rNeg   + + .     Faith    .     Q - +3 large shield {AC+3}
rPois  +         Spirit   .     (helmet unavailable)
rElec  +         Dismiss  .     K - +2 cloak
rCorr  .         Reflect  .     R - +2 pair of gloves
SustAt .         Harm     .     N - +1 pair of boots
MR     ++...                    l - amulet of regeneration
Stlth  +.........               v - ring of Anarchy {rElec rF+ rN++ Dex+3 Slay+6}
                                q - ring of Qiubi {AC+3 Str+2 Slay+4}

@: repel missiles, very resistant to hostile enchantments, very unstealthy
A: permanent stasis, dig shafts and tunnels, four strong arms, antennae 3,
mutation resistance 1
a: Dig, Upheaval, Elemental Force, Disaster Area, Renounce Religion
}: 7/15 runes: decaying, serpentine, barnacled, slimy, elven, silver, gossamer


You were in the Dungeon.
You worshipped Qazlal.
Qazlal was exalted by your worship.
You were full.

You visited 1 branch You collected 1994 gold pieces.
You spent 1883 gold pieces at shops.

Inventory:

Hand Weapons
 D - a +5 vampiric lajatang (weapon)
 M - a +1 lajatang of speed
Armour
 K - a +2 cloak (worn)
 N - a +1 pair of boots (worn)
 O - a +4 gold dragon armour (worn)
 Q - a +3 large shield of protection (worn)
 R - a +2 pair of gloves (worn)
Jewellery
 l - an amulet of regeneration (around neck)
 m - the ring of Wishful Thinking {MR+ MP+9 Str+2 Int+3}
   (You found it in the Dungeon)

   [ring of intelligence]

   It affects your strength (+2).
   It affects your intelligence (+3).
   It affects your resistance to hostile enchantments.
   It affects your magic capacity (+9).
 q - the ring of Qiubi (left hand) {AC+3 Str+2 Slay+4}
   (You found it in the Dungeon)

   [ring of protection]

   It affects your AC (+3).
   It affects your strength (+2).
   It affects your accuracy and damage with ranged weapons and melee attacks
   (+4).
 r - the ring "Wuduloar" {Str+3 Dex+4}
   (You found it in the Dungeon)

   [ring of strength]

   It affects your strength (+3).
   It affects your dexterity (+4).
 s - an uncursed ring of wizardry
 t - a +3 ring of intelligence
 u - a +3 ring of strength
 v - the ring of Anarchy (right hand) {rElec rF+ rN++ Dex+3 Slay+6}
   (You found it in the Dungeon)

   [ring of dexterity]

   It affects your dexterity (+3).
   It affects your accuracy and damage with ranged weapons and melee attacks
   (+6).
   It protects you from fire.
   It insulates you from electricity.
   It greatly protects you from negative energy.
 y - a +6 ring of intelligence
 A - a +5 ring of strength
 B - an uncursed ring of protection from magic
 C - an uncursed ring of protection from magic
 E - the ring "Berrug" {Wiz rN+ Str+4 Dex+6}
   (You found it in the Dungeon)

   [ring of wizardry]

   It improves your spell success rate.
   It affects your strength (+4).
   It affects your dexterity (+6).
   It protects you from negative energy.
 L - an uncursed ring of wizardry
Wands
 p - a wand of iceblast (7/15)
 F - a wand of teleportation (3/9)
 U - a wand of hasting (5/9)
Scrolls
 d - 6 scrolls of identify
 k - 4 scrolls of blinking
 n - 8 scrolls of remove curse
 o - 2 scrolls of amnesia
 w - 3 scrolls of fog
 J - 3 scrolls of fear
Potions
 b - 3 potions of cure mutation
 e - 9 potions of curing
 g - 21 potions of heal wounds
 h - 3 potions of haste
 i - 4 potions of magic
 j - 3 potions of berserk rage
 G - a potion of lignification
 H - 4 potions of brilliance
 I - 4 potions of might
Books
 c - a book of Clouds

   Spells                             Type                      Level
   a - Mephitic Cloud                 Conjuration/Poison/Air       3
   b - Conjure Flame                  Conjuration/Fire             3
   c - Poisonous Cloud                Conjuration/Poison/Air       6
   d - Freezing Cloud                 Conjuration/Ice/Air          6
   e - Ring of Flames                 Charms/Fire                  7
Comestibles
 f - 13 bread rations
 x - 10 fruits
 z - 12 meat rations


   Skills:
 O Level 27 Fighting
 O Level 27 Staves
 O Level 27 Armour
 O Level 27 Dodging
 O Level 27 Stealth
 O Level 27 Shields
 + Level 26.4 Unarmed Combat
 + Level 26.4 Spellcasting
 O Level 27 Invocations
 O Level 27 Evocations


You had 74 spell levels left.
You didn't know any spells.

Dungeon Overview and Level Annotations

Branches:
Dungeon (1/1)

Altars:
Cheibriados
Dithmenos
Elyvilon
Fedhas
Gozag
Hepliaklqana
Kikubaaqudgha
Makhleb
Nemelex Xobeh
Okawaru
Pakellas
Qazlal
Ru
Sif Muna
Trog
Ukayaw
Vehumet
Xom
Yredelemnul
Zin
The Shining One
Beogh
Jiyva
Lugonu

Shops:
D *!=[


Innate Abilities, Weirdness & Mutations

You are under a permanent stasis effect.
You can dig through walls and to a lower floor.
Your four strong arms can wield two-handed weapons with a shield.
You have a pair of large antennae on your head. (SInv)
You are somewhat resistant to further mutation.


Message History

Qazlal accepts your kill.
You feel extremely nervous for a moment...
Your body is wracked with pain!
* * * LOW HITPOINT WARNING * * *
The greater mummy casts a spell at you. Something smites you!
* * * LOW HITPOINT WARNING * * *
You block the reaper's attack.
There is an open door here.
Nature churns violently around you!
The blast of ice hits the greater mummy.
The greater mummy partially resists.
The greater mummy is severely damaged.
The blast of ice hits the guardian mummy.
The guardian mummy partially resists.
You destroy the guardian mummy!
Qazlal accepts your kill.
You feel extremely nervous for a moment...
You convulse helplessly as pain tears through your body!
You die...

{▓.▓.▓.▓.▓.▓.▓.▓.
{
▓.▓.▓.▓.▓.▓.▓§▓)▓.
▓φ▓.▓.▓.▓.▓.▓)▓.▓.
{
▓.▓.▓.▓.▓.▓.▓.▓.▓.
▓M▓.▓.▓.▓[▓.▓[▓)▓.
▓≈▓.▓.▓.▓[▓.▓.▓.▓.
▓.▓.▓.▓.▓.▓.▓[▓.▓.
▓.▓.▓.▓.▓)▓.▓.▓.▓.
▓@▓.▓≈▓.▓.▓.▓.▓.▓.
▓.▓.▓≈▓.▓.▓.▓≈▓.▓.
▓.▓.▓≈▓.▓.▓.▓.▓.▓.
▓2▓.▓.▓.▓.▓.▓.▓.▓.
▓≈▓.▓.▓.▓.▓.▓.▓.▓.
▓≈▓.▓[▓.▓.▓.▓'▓.▓[
▓.▓.▓)▓.▓.▓.▓)▓.▓.
▓≈▓.▓.▓.▓.▓.▓.▓)▓[
▓≈▓.▓)▓.▓.▓.▓)▓.▓[


You could see a greater mummy and a reaper.

Vanquished Creatures
  the Royal Jelly (D)
  9 ancient liches (D)
  4 orbs of fire (D)
  5 greater mummies (D)
  Norris (D)
  Frederick (D)
  Saint Roka (D)
  Margery (D)
  A curse toe (D)
  5 golden dragons (D)
  Nikola (D)
  Xtahua (D)
  A bone dragon (D)
  5 electric golems (D)
  2 tentacled monstrosities (D)
  Rupert (D)
  4 liches (D)
  13 acid blobs (D)
  27 Orb Guardians (D)
  A quicksilver dragon (D)
  4 deep elf blademasters (D)
  12 sphinxes (D)
  A deep elf master archer (D)
  A titan (D)
  2 death cobs (D)
  Kirke (D)
  7 shadow dragons (D)
  8 storm dragons (D)
  A draconian monk (D)
  Ilsuiw (D)
  4 greater nagas (D)
  2 fire giants (D)
  6 azure jellies (D)
  4 emperor scorpions (D)
  A draconian knight (D)
  3 ghost moths (D)
  3 draconian scorchers (D)
  2 vault wardens (D)
  A draconian shifter (D)
  A draconian annihilator (D)
  An ironheart preserver (D)
  A draconian caller (D)
  2 very ugly things (D)
  4 stone giants (D)
  3 vampire knights (D)
  3 green draconians (D)
  3 purple draconians (D)
  A deep elf demonologist (D)
  3 deep elf annihilators (D)
  2 red draconians (D)
  Nessos (D)
  2 yellow draconians (D)
  2 mottled draconians (D)
  3 white draconians (D)
  4 death oozes (D)
  5 merfolk javelineers (D)
  A deep elf death mage (D)
  3 fire dragons (D)
  4 merfolk impalers (D)
  A crystal guardian (D)
  3 deep elf high priests (D)
  A mummy priest (D)
  25 vault guards (D)
  4 yaktaur captains (D)
  3 entropy weavers (D)
  3 great orbs of eyes (D)
  5 ice dragons (D)
  10 hydras (D)
  Harold (D)
  3 naga warriors (D)
  3 centaur warriors (D)
  5 ogre magi (D)
  A deep troll earth mage (D)
  Erolcha (D)
  3 merfolk aquamancers (D)
  A death knight (D)
  A merfolk avatar (D)
  A naga sharpshooter (D)
  A spriggan berserker (D)
  3 orc high priests (D)
  A shock serpent (D)
  12 spriggans (D)
  A shadow wraith (D)
  6 hell knights (D)
  A flayed ghost (D)
  2 unseen horrors (D)
  A giant orange brain (D)
  A harpy (D)
  3 swamp dragons (D)
  3 hill giants (D)
  A naga ritualist (D)
  A deep elf archer (D)
  2 ironbrand convokers (D)
  A necromancer (D)
  A lindwurm (shapeshifter) (D)
  9 orc knights (D)
  An orb spider (D)
  A hornet (D)
  A deep elf mage (D)
  3 orc sorcerers (D)
  An ugly thing (D)
  2 wolf spiders (D)
  A water nymph (D)
  3 guardian serpents (D)
  8 moths of wrath (D)
  3 black mambas (D)
  2 vault sentinels (D)
  2 naga magi (D)
  A spiny frog (D)
  A gargoyle (D)
  3 yaktaurs (D)
  5 freezing wraiths (D)
  2 demonic crawlers (D)
  3 komodo dragons (D)
  19 guardian mummies (D)
  3 merfolk (D)
  A queen bee (shapeshifter) (D)
  A troll (D)
  A giant leech (D)
  4 polar bears (D)
  3 jumping spiders (D)
  2 wind drakes (D)
  A slime creature (D)
  2 bog bodies (D)
  A boulder beetle (D)
  A shadow (D)
  A tarantella (D)
  7 redbacks (D)
  A wyvern (D)
  2 hogs (D)
  2 hungry ghosts (D)
  Eustachio (D)
  A yak (D)
  2 golden eyes (D)
  A vampire mosquito (D)
  A mottled dragon (D)
  An insubstantial wisp (D)
  5 nagas (D)
  A warg (D)
  A water moccasin (D)
  4 porcupines (D)
  10 orc warriors (D)
  2 swamp drakes (D)
  A giant eyeball (D)
  5 black bears (D)
  A sky beast (D)
  An eye of draining (D)
  3 wasps (D)
  2 centaurs (D)
  A crocodile (D)
  A giant frog (D)
  A scorpion (D)
  A wight (D)
  A killer bee (D)
  5 crimson imps (D)
  6 orc wizards (D)
  3 orc priests (D)
  A sheep (D)
  3 river rats (D)
  A worm (D)
  13 orcs (D)
  A bat skeleton (D)
  A bat zombie (D)
  A giant cockroach (D)
  2 goblins (D)
  A hobgoblin (D)
  A kobold (D)
  A quokka (D)
  A giant newt (D)
507 creatures vanquished.

Vanquished Creatures (others)
  An ancient lich (D)
  A deep elf death mage (D)
  A necromancer (D)
3 creatures vanquished.

Grand Total: 510 creatures vanquished

Notes
Turn   | Place    | Note
--------------------------------------------------------------
     0 | D        | Loading the Formicid Fighter began the quest for the Orb.
     0 | D        | Reached XP level 1. HP: 18/18 MP: 1/1
    17 | D        | Reached skill level 1 in Dodging
    18 | D        | Reached XP level 2. HP: 20/24 MP: 2/2
    66 | D        | Noticed a scorpion
    87 | D        | Killed a scorpion
    87 | D        | Reached skill level 5 in Shields
    87 | D        | Reached XP level 3. HP: 25/31 MP: 3/3
    87 | D        | Reached XP level 4. HP: 30/38 MP: 4/4
   148 | D        | Found a glowing silver altar of Zin.
   148 | D        | Found a glowing golden altar of the Shining One.
   148 | D        | Found an ancient bone altar of Kikubaaqudgha.
   148 | D        | Found a basalt altar of Yredelemnul.
   148 | D        | Found a shimmering altar of Xom.
   148 | D        | Found a radiant altar of Vehumet.
   149 | D        | Found an iron altar of Okawaru.
   150 | D        | Found a burning altar of Makhleb.
   151 | D        | Found a deep blue altar of Sif Muna.
   152 | D        | Found a bloodstained altar of Trog.
   153 | D        | Found a sparkling altar of Nemelex Xobeh.
   154 | D        | Found a white marble altar of Elyvilon.
   155 | D        | Found a roughly hewn altar of Beogh.
   156 | D        | Found a viscous altar of Jiyva.
   157 | D        | Found a corrupted altar of Lugonu.
   158 | D        | Found a blossoming altar of Fedhas.
   159 | D        | Found a snail-covered altar of Cheibriados.
   160 | D        | Found a shadowy altar of Dithmenos.
   161 | D        | Found a stormy altar of Qazlal.
   162 | D        | Found an opulent altar of Gozag.
   163 | D        | Found a sacrificial altar of Ru.
   164 | D        | Found an oddly glowing altar of Pakellas.
   165 | D        | Found a hide-covered altar to Ukayaw.
   166 | D        | Found a hazy altar of Hepliaklqana.
   169 | D        | Became a worshipper of Qazlal Stormbringer
   215 | D        | Noticed a hill giant
   215 | D        | Noticed a black bear
   215 | D        | Noticed a hill giant
   217 | D        | Reached skill level 5 in Fighting
   217 | D        | Reached skill level 5 in Staves
   217 | D        | Reached skill level 5 in Armour
   217 | D        | Reached XP level 5. HP: 44/44 MP: 5/5
   220 | D        | HP: 2/44 [hill giant/giant spiked club (14)]
   225 | D        | Killed a hill giant
   225 | D        | Reached skill level 5 in Dodging
   225 | D        | Reached XP level 6. HP: 32/55 MP: 6/6
   225 | D        | Reached XP level 7. HP: 35/60 MP: 7/7
   227 | D        | Reached * piety under Qazlal
   235 | D        | Killed a hill giant
   235 | D        | Reached skill level 10 in Staves
   235 | D        | Reached XP level 8. HP: 39/70 MP: 8/8
   237 | D        | Reached ** piety under Qazlal
   389 | D        | Noticed a hill giant
   389 | D        | Noticed a troll
   389 | D        | Noticed a wyvern
   389 | D        | Noticed a centaur warrior
   399 | D        | Killed a centaur warrior
   399 | D        | Reached skill level 10 in Shields
   399 | D        | Reached XP level 9. HP: 70/77 MP: 9/9
   412 | D        | Killed a troll
   412 | D        | Reached *** piety under Qazlal
   412 | D        | Reached skill level 10 in Fighting
   412 | D        | Reached skill level 10 in Armour
   423 | D        | Killed a hill giant
   428 | D        | Reached XP level 10. HP: 78/86 MP: 10/10
   567 | D        | Noticed a komodo dragon
   567 | D        | Noticed a komodo dragon
   572 | D        | Reached **** piety under Qazlal
   580 | D        | Noticed a black mamba
   592 | D        | Killed a komodo dragon
   598 | D        | Killed a komodo dragon
   604 | D        | Reached ***** piety under Qazlal
   619 | D        | Killed a black mamba
   639 | D        | Noticed a komodo dragon
   639 | D        | Noticed a seven-headed hydra
   641 | D        | Reached skill level 1 in Invocations
   646 | D        | Noticed a spiny frog
   655 | D        | Killed a seven-headed hydra
   676 | D        | Killed a komodo dragon
   683 | D        | Killed a spiny frog
   683 | D        | Reached ****** piety under Qazlal
   683 | D        | Reached skill level 5 in Invocations
   683 | D        | Reached XP level 11. HP: 61/94 MP: 8/14
   951 | D        | Noticed Eustachio
   972 | D        | Killed Eustachio
  1019 | D        | Noticed Harold
  1022 | D        | Killed Harold
  1087 | D        | Noticed a stone giant
  1103 | D        | Noticed an orc high priest
  1104 | D        | Killed a stone giant
  1105 | D        | Reached skill level 10 in Dodging
  1111 | D        | Killed an orc high priest
  1111 | D        | Reached skill level 15 in Staves
  1237 | D        | Noticed an orc knight
  1238 | D        | Killed an orc knight
  1238 | D        | Reached skill level 10 in Invocations
  1242 | D        | Noticed an orc high priest
  1250 | D        | Killed an orc high priest
  1250 | D        | Reached XP level 12. HP: 103/103 MP: 5/19
  1344 | D        | Found Yporghiy's Armour Boutique.
  1347 | D        | Found Sifuak's Jewellery Shop.
  1352 | D        | Killed an orc high priest
  1356 | D        | Found Fonyduv's Distillery.
  1359 | D        | Found Guriyts's General Store.
  1430 | D        | Bought a +5 ring of strength for 453 gold pieces
  1436 | D        | Bought a potion of beneficial mutation for 350 gold pieces
  1438 | D        | Bought 2 potions of beneficial mutation for 910 gold pieces
  1441 | D        | Gained mutation: You are somewhat resistant to further mutation. [potion of beneficial mutation]
  1449 | D        | Bought a potion of curing for 30 gold pieces
  1449 | D        | Bought 2 potions of curing for 60 gold pieces
  1449 | D        | Bought a potion of heal wounds for 50 gold pieces
  1449 | D        | Bought a potion of curing for 30 gold pieces
  1537 | D        | Noticed Erolcha
  1539 | D        | Killed Erolcha
  1772 | D        | Noticed a centaur warrior
  1772 | D        | Noticed an unseen horror
  1772 | D        | Noticed an ogre mage
  1773 | D        | Killed an unseen horror
  1773 | D        | Killed an ogre mage
  1777 | D        | Noticed an entropy weaver
  1780 | D        | Noticed a deep troll earth mage
  1780 | D        | Noticed a cyan very ugly thing
  1781 | D        | Noticed a flayed ghost
  1782 | D        | Killed a centaur warrior
  1783 | D        | Killed an entropy weaver
  1784 | D        | Noticed a stone giant
  1788 | D        | Noticed a giant orange brain
  1794 | D        | Killed a cyan very ugly thing
  1794 | D        | Reached XP level 13. HP: 83/112 MP: 9/23
  1797 | D        | Noticed a fire dragon
  1818 | D        | Killed a stone giant
  1818 | D        | Reached skill level 15 in Shields
  1828 | D        | Killed a fire dragon
  1951 | D        | Noticed Nessos
  1979 | D        | Killed Nessos
  2102 | D        | Reached skill level 15 in Invocations
  2185 | D        | Noticed a merfolk javelineer
  2185 | D        | Noticed a merfolk avatar
  2188 | D        | Killed a merfolk avatar
  2194 | D        | Noticed a merfolk impaler
  2195 | D        | Killed a merfolk javelineer
  2195 | D        | Killed a merfolk impaler
  2310 | D        | Noticed an emperor scorpion
  2330 | D        | Killed an emperor scorpion
  2330 | D        | Reached XP level 14. HP: 121/121 MP: 26/26
  2335 | D        | Reached skill level 15 in Fighting
  2348 | D        | Reached skill level 15 in Armour
  2558 | D        | Noticed Kirke
  2567 | D        | Killed Kirke
  2650 | D        | Noticed a fire giant
  2654 | D        | Noticed a quicksilver dragon
  2664 | D        | Noticed a stone giant
  2666 | D        | Killed a fire giant
  2669 | D        | Killed a quicksilver dragon
  2692 | D        | Killed a stone giant
  2717 | D        | Noticed a green very ugly thing
  2718 | D        | Noticed a lich
  2734 | D        | Killed a green very ugly thing
  2735 | D        | Killed a lich
  2735 | D        | Reached XP level 15. HP: 132/132 MP: 18/28
  2793 | D        | Noticed a vault warden
  2801 | D        | Killed a vault warden
  2965 | D        | Noticed Saint Roka
  2981 | D        | Killed Saint Roka
  3285 | D        | Noticed Xtahua
  3297 | D        | Killed Xtahua
  3339 | D        | Noticed Margery
  3362 | D        | Killed Margery
  3427 | D        | Reached XP level 16. HP: 143/143 MP: 30/30
  3427 | D        | Reached skill level 15 in Dodging
  3444 | D        | Got a decaying rune of Zot
  3546 | D        | Got a gossamer rune of Zot
  3584 | D        | Noticed Ilsuiw
  3592 | D        | Killed Ilsuiw
  3640 | D        | Got a barnacled rune of Zot
  3676 | D        | Noticed a greater naga
  3677 | D        | Killed a greater naga
  3678 | D        | Noticed a greater naga
  3681 | D        | Killed a greater naga
  3681 | D        | Killed a greater naga
  3688 | D        | Noticed a greater naga
  3702 | D        | Killed a greater naga
  3712 | D        | Got a serpentine rune of Zot
  3922 | D        | Reached XP level 17. HP: 153/153 MP: 33/33
  4179 | D        | Noticed a titan
  4185 | D        | Noticed a shadow dragon
  4185 | D        | Killed a titan
  4187 | D        | Noticed a shadow dragon
  4191 | D        | Killed a shadow dragon
  4198 | D        | Killed a shadow dragon
  4279 | D        | Noticed a shadow dragon
  4279 | D        | Noticed a shadow dragon
  4279 | D        | Noticed an ancient lich
  4279 | D        | Noticed an ancient lich
  4279 | D        | Noticed a shadow dragon
  4280 | D        | Killed a shadow dragon
  4280 | D        | Killed a shadow dragon
  4280 | D        | Killed an ancient lich
  4280 | D        | Reached XP level 18. HP: 164/164 MP: 35/35
  4285 | D        | Noticed a lich
  4291 | D        | Killed an ancient lich
  4291 | D        | Reached skill level 27 in Invocations
  4298 | D        | Killed a lich
  4364 | D        | Got a silver rune of Zot
  4517 | D        | Noticed Norris
  4530 | D        | Killed Norris
  4570 | D        | Got the ring of Wishful Thinking {MR+ MP+9 Str+2 Int+3}
  4572 | D        | Got the ring of Qiubi {AC+3 Str+2 Slay+4}
  4574 | D        | Got the ring "Wuduloar" {Str+3 Dex+4}
  4576 | D        | Got the ring of Anarchy {rElec rF+ rN++ Dex+3 Slay+6}
  4578 | D        | Got the ring "Berrug" {Wiz rN+ Str+4 Dex+6}
  4710 | D        | Noticed Nikola
  4725 | D        | Killed Nikola
  4726 | D        | Noticed Rupert
  4735 | D        | Killed Rupert
  4767 | D        | Noticed Frederick
  4777 | D        | Killed Frederick
  4777 | D        | Reached skill level 27 in Staves
  4934 | D        | Noticed a golden dragon
  4934 | D        | Noticed a bone dragon
  4942 | D        | Noticed a golden dragon
  4948 | D        | Killed a bone dragon
  4951 | D        | Killed a golden dragon
  4987 | D        | Killed a golden dragon
  4987 | D        | Reached XP level 19. HP: 172/178 MP: 36/36
  5023 | D        | Noticed a tentacled monstrosity
  5023 | D        | Noticed a tentacled monstrosity
  5032 | D        | Killed a tentacled monstrosity
  5034 | D        | Killed a tentacled monstrosity
  5065 | D        | Noticed an electric golem
  5074 | D        | Killed an electric golem
  5197 | D        | Noticed a golden dragon
  5198 | D        | Killed a golden dragon
  5200 | D        | Noticed a golden dragon
  5212 | D        | Reached skill level 27 in Shields
  5217 | D        | Killed a golden dragon
  5341 | D        | Noticed an Orb Guardian
  5341 | D        | Noticed an Orb Guardian
  5341 | D        | Noticed an Orb Guardian
  5341 | D        | Noticed an Orb Guardian
  5341 | D        | Noticed an Orb Guardian
  5341 | D        | Noticed an Orb Guardian
  5345 | D        | Noticed an Orb Guardian
  5349 | D        | Killed an Orb Guardian
  5353 | D        | Noticed an Orb Guardian
  5354 | D        | Killed an Orb Guardian
  5359 | D        | Killed an Orb Guardian
  5366 | D        | Killed an Orb Guardian
  5366 | D        | Reached XP level 20. HP: 194/194 MP: 37/37
  5395 | D        | Reached skill level 27 in Fighting
  5395 | D        | Reached skill level 27 in Armour
  5617 | D        | Noticed an orb of fire
  5617 | D        | Noticed an ancient lich
  5620 | D        | Noticed an electric golem
  5621 | D        | Killed an ancient lich
  5623 | D        | Killed an orb of fire
  5623 | D        | Reached skill level 27 in Dodging
  5623 | D        | Reached skill level 5 in Evocations
  5661 | D        | Killed an electric golem
  5738 | D        | Noticed an orb of fire
  5738 | D        | Noticed an ancient lich
  5738 | D        | Noticed an electric golem
  5738 | D        | Noticed a curse toe
  5738 | D        | Noticed an orb of fire
  5739 | D        | Killed a golden dragon
  5739 | D        | Reached skill level 10 in Stealth
  5740 | D        | Killed an orb of fire
  5740 | D        | Killed an ancient lich
  5740 | D        | Reached skill level 15 in Stealth
  5740 | D        | Killed an electric golem
  5740 | D        | Reached XP level 21. HP: 125/204 MP: 30/38
  5741 | D        | Killed a curse toe
  5741 | D        | Reached skill level 15 in Evocations
  5743 | D        | Noticed an electric golem
  5746 | D        | Killed an orb of fire
  5747 | D        | Noticed an orb of fire
  5748 | D        | Noticed an electric golem
  5749 | D        | Killed an orb of fire
  5758 | D        | Killed an electric golem
  5767 | D        | Killed an electric golem
  6138 | D        | Noticed an ancient lich
  6138 | D        | Noticed an ancient lich
  6138 | D        | Noticed an ancient lich
  6138 | D        | Noticed an ancient lich
  6140 | D        | Killed an ancient lich
  6140 | D        | Reached skill level 27 in Stealth
  6140 | D        | Killed an ancient lich
  6140 | D        | Killed an ancient lich
  6140 | D        | Reached XP level 22. HP: 212/212 MP: 31/39
  6140 | D        | Killed an ancient lich
  6140 | D        | Reached skill level 27 in Evocations
  6144 | D        | Noticed an ancient lich
  6145 | D        | Noticed an ancient lich
  6157 | D        | Killed an ancient lich
  6163 | D        | Killed an ancient lich
  6337 | D        | Reached skill level 15 in Unarmed Combat
  6337 | D        | Reached skill level 15 in Spellcasting
  6420 | D        | Got an elven rune of Zot
  6542 | D        | Noticed the Royal Jelly
  6546 | D        | Killed the Royal Jelly
  6548 | D        | Reached XP level 23. HP: 212/219 MP: 26/47
  6629 | D        | Got a slimy rune of Zot
  7010 | D        | Noticed a greater mummy
  7027 | D        | Killed a greater mummy
  7168 | D        | Noticed a greater mummy
  7168 | D        | Noticed a greater mummy
  7168 | D        | Noticed a greater mummy
  7168 | D        | Noticed a greater mummy
  7168 | D        | Noticed a greater mummy
  7170 | D        | Killed a greater mummy
  7170 | D        | Killed a greater mummy
  7174 | D        | Killed a greater mummy
  7176 | D        | Killed a greater mummy
  7178 | D        | Killed by a guardian mummy's death curse

Vault maps used:
D:        linesprint

Skill      XL: |  1  2  3  4  5  6  7  8  9 10 11 12 13 14 15 16 17 18 19 20 21 22 23 |
---------------+----------------------------------------------------------------------+-----
Dodging        | 1 2 3 5 6 7 8 9 10 11 12 13 14 16 17 19 22 27 | 27.0
Shields        | 4 5 8 9 10 11 12 13 14 16 17 18 20 22 24 27 | 27.0
Staves         | 4 5 9 10 11 12 14 15 16 18 20 21 23 25 27 | 27.0
Fighting       | 4 5 7 8 9 10 11 12 13 14 16 17 19 20 23 26 27 | 27.0
Armour         | 4 5 7 8 9 10 11 12 13 14 16 17 19 20 23 26 27 | 27.0
Invocations    | 5 10 13 16 19 21 24 26 27 | 27.0
Stealth        | 16 27 | 27.0
Evocations     | 14 26 27 | 27.0
Unarmed Combat | 20 26 | 26.4
Spellcasting   | 20 26 | 26.4

Action                   |  1- 3 |  4- 6 |  7- 9 | 10-12 | 13-15 | 16-18 | 19-21 | 22-24 || total
-------------------------+-------+-------+-------+-------+-------+-------+-------+-------++-------
Melee: Quarterstaff      |    35 |    10 |    45 |   204 |       |       |       |       ||   294
       Lajatang          |       |       |       |    16 |   296 |   390 |   251 |   267 ||  1220
Invok: Upheaval          |       |       |       |     3 |     3 |       |     1 |       ||     7
       Disaster Area     |       |       |       |    10 |    13 |    16 |    13 |    11 ||    63
 Abil: Dig               |       |       |       |       |       |     2 |       |       ||     2
  Use: Potion            |       |     2 |     1 |     4 |     2 |       |       |       ||     9
       Scroll            |       |       |       |     2 |     2 |     4 |       |     2 ||    10
 Stab: Invisible         |       |       |     8 |       |       |       |       |       ||     8
  Eat: Chunk             |       |       |       |     3 |     1 |       |     1 |     1 ||     6
       Fruit             |       |       |       |    10 |    11 |       |       |     9 ||    30
Armor: Scale mail        |    14 |       |       |       |       |       |       |       ||    14
       Ring mail         |       |       |     2 |    13 |       |       |       |       ||    15
       Plate armour      |       |       |       |     2 |    23 |       |       |       ||    25
       Gold dragon armou |       |       |       |       |     6 |    45 |    44 |    29 ||   124
Dodge: Dodged            |    12 |     4 |    12 |    37 |    43 |    32 |    46 |    44 ||   230
       Deflected         |       |       |       |     1 |     5 |     3 |     8 |     6 ||    23
Block: Shield            |    11 |     2 |    19 |    85 |       |       |       |       ||   117
       Large shield      |       |       |       |    13 |   254 |   312 |   254 |   254 ||  1087
